 Dungeon Crawl Stone Soup version 0.30.1-9-gdf580d7c3d (webtiles) character file.

Game seed: 10183669541658196091

64 KittyFluff the Trooper (level 4, 0/29 HPs)
             Began as a Gargoyle Berserker on Oct 21, 2023.
             Was a Follower of Trog.
             Slain by a gnoll
             ... wielding a +0 club
              (3 damage)
             ... on level 2 of the Dungeon.
             The game lasted 00:04:50 (1100 turns).

KittyFluff the Trooper (Gargoyle Berserker)         Turns: 1100, Time: 00:04:50

Health: 0/29       AC:  7    Str: 23    XL:     4   Next: 12%
Magic:  4/4        EV: 12    Int:  7    God:    Trog [*.....]
Gold:   128        SH:  0    Dex:  9    Spells: 3/3 levels left

rFire   . . .        a - +0 mace
rCold   . . .        (no shield)
rNeg    + . .        b - +0 animal skin
rPois   ∞            (no helmet)
rElec   +            l - +0 cloak
rCorr   .            (no gloves)
SInv    .            (no boots)
Will    .....        (no amulet)
Stlth   +            (no ring)
HPRegen 0.24/turn    (no ring)
MPRegen 0.09/turn

%: no passive effects
@: no status effects
A: sickness immunity, AC +3, negative energy resistance 1, electricity
resistance, torment resistance 1, petrification resistance
a: Renounce Religion, Berserk


You were on level 2 of the Dungeon.
You worshipped Trog.
Trog was aware of your devotion.
You visited 1 branch of the dungeon, and saw 2 of its levels.

You collected 128 gold pieces.

Inventory:

Hand Weapons
 a - a +0 mace (weapon)
 d - a +0 sling
 g - a +0 hand crossbow
Missiles
 k - 2 poisoned darts
Armour
 b - a +0 animal skin (worn)
 l - a +0 cloak (worn)
Scrolls
 c - 2 scrolls of identify {unknown}
 e - a scroll of brand weapon {unknown}
 f - a scroll of poison {unknown}
 h - a scroll of fear {unknown}
 i - a scroll of teleportation {unknown}
 j - a scroll of enchant armour {unknown}
 m - 3 scrolls of immolation {unknown}


   Skills:
 + Level 3.7 Fighting
 * Level 3.7 Maces & Flails
 * Level 3.2 Armour
 + Level 2.0 Dodging


You had 3 spell levels left.
You didn't know any spells.
Your spell library was empty.

Dungeon Overview and Level Annotations

Branches:
Dungeon (2/15)

Altars:


Innate Abilities, Weirdness & Mutations

You are immune to sickness and miasma.
Your stone body is resilient. (AC +3)
You are immune to poison.
You resist negative energy. (rN+)
You are resistant to electric shocks. (rElec)
You are resistant to unholy torment.
You are immune to petrification.


Message History

Aim: a gnoll, wielding a +0 club (severely wounded, 60% to hit)
You shoot a bolt. The bolt hits the gnoll.
You kill the gnoll!
Trog accepts your kill.
You have reached level 4!
You feel stronger.
a - a +0 mace (weapon)
The gnoll hits you with a +0 club.
You hit the gnoll.
The gnoll is heavily wounded.
The gnoll hits you with a +0 club.
You closely miss the gnoll.
The gnoll is heavily wounded.
The gnoll hits you with a +0 club.
You barely miss the gnoll.
The gnoll is heavily wounded.
The gnoll hits you with a +0 club.
You closely miss the gnoll.
The gnoll is heavily wounded.
The gnoll hits you with a +0 club.
* * * LOW HITPOINT WARNING * * *
The gnoll closely misses you.
You closely miss the gnoll.
The gnoll is heavily wounded.
The gnoll hits you with a +0 club.
* * * LOW HITPOINT WARNING * * *
You barely miss the gnoll.
The gnoll is heavily wounded.
The gnoll closely misses you.
You barely miss the gnoll.
The gnoll is heavily wounded.
The gnoll hits you with a +0 club.
* * * LOW HITPOINT WARNING * * *
You closely miss the gnoll.
The gnoll is moderately wounded.
The gnoll barely misses you.
You barely miss the gnoll.
The gnoll is moderately wounded.
The gnoll completely misses you. The gnoll hits you with a +0 club.
You die...

... ... ....
..## ... #.#
#)## #.#
#.g##### #.# .
#@....## #.# ..
###....###.# ...
#......#.# ....
#....#...##.....
#....##.........
#......#.##.[...
#......#.# ###
#######....#†#
#..........#.#


You could see a gnoll.

Vanquished Creatures
  An adder (D:2)
  3 gnolls (D:2)
  A dart slug (D:2)
  3 bats (D:2)
  3 endoplasms
  A giant cockroach (D:1)
  4 hobgoblins (D:1)
  2 quokkas (D:1)
  3 ball pythons
  3 frilled lizards (D:1)
  2 rats (D:1)
26 creatures vanquished.

Notes
Turn   | Place    | Note
-------+----------+-------------------------------------------
     0 | D:1      | KittyFluff the Gargoyle Berserker began the quest for the
                  | Orb.
     0 | D:1      | Reached XP level 1. HP: 14/14 MP: 1/1
   277 | D:1      | Reached XP level 2. HP: 14/19 MP: 2/2
   989 | D:2      | Reached XP level 3. HP: 23/23 MP: 3/3
  1091 | D:2      | Reached XP level 4. HP: 19/29 MP: 4/4
  1100 | D:2      | Slain by a gnoll

Illustrated notes

Levels and vault maps discovered:
D:1:      dpeg_arrival_signposts, layout_basic, hangedman_decor_push,
          st_stairs_2
D:2:      layout_basic, nrook_loot_triangle

Skill      XL: |  1  2  3 |
---------------+----------+-----
Armour         | 3 |  3.2
Dodging        | 2 |  2.0
Fighting       | |  3.7
Maces & Flails | |  3.7

Action                     |  1- 3 |  4- 6 || total
---------------------------+-------+-------++-------
  Melee: Mace              |    55 |     9 ||    64
   Fire: Hand crossbow     |    14 |       ||    14
 Armour: Animal skin       |    25 |       ||    25
  Dodge: Dodged            |    39 |     4 ||    43
